 Dungeon Crawl Stone Soup version 0.18-a0-1343-g48c8f86 (webtiles) character file.

100 M4edhros the Insei (level 4, -4/35 HPs)
             Began as a Mummy Monk on Feb 16, 2016.
             Slain by a hound (5 damage)
             ... on level 4 of the Dungeon.
             The game lasted 00:02:49 (3230 turns).

M4edhros the Insei (Mummy Monk)                     Turns: 3230, Time: 00:02:50

Health: -4/35      AC:  3    Str: 14    XL:     4   Next: 47%
Magic:  4/4        EV: 13    Int:  9    God:
Gold:   138        SH:  0    Dex: 15    Spells: 0 memorised, 3 levels left

rFire  x . .     SeeInvis .       - Unarmed
rCold  + . .     Gourm    .     (no armour)
rNeg   + + +     Faith    .     (no shield)
rPois  ∞         Spirit   .     c - +2 helmet
rElec  .         Dismiss  .     (no cloak)
rCorr  +         Reflect  .     (no gloves)
SustAt .         Harm     .     (no boots)
MR     .....                    (no amulet)
Stlth  ++........               d - ring of flight
                                h - ring of resist corrosion

@: not resistant to hostile enchantments, unstealthy
A: no food or potions, fire vulnerability, cold resistance 1, negative energy
resistance 3, torment resistance, unbreathing
a: Evoke Flight


You were on level 4 of the Dungeon.
You were not hungry.

You visited 1 branch of the dungeon, and saw 5 of its levels.

You collected 138 gold pieces.

Inventory:

Armour
 c - a +2 helmet (worn)
Jewellery
 d - a ring of flight (right hand)
 h - a ring of resist corrosion (left hand)
Wands
 f - a wand of lightning (6/15)
Scrolls
 a - a scroll of identify
 b - 4 scrolls of remove curse
 e - 3 scrolls of fog
 g - a scroll of teleportation {unknown}
 i - 3 scrolls of recharging {unknown}
 j - a scroll of amnesia {unknown}


   Skills:
 - Level 3.0 Fighting
 - Level 2.4 Dodging
 - Level 1.5 Stealth
 + Level 4.9 Unarmed Combat


You had 3 spell levels left.
You didn't know any spells.

Dungeon Overview and Level Annotations

Branches:
Dungeon (5/15)
 Temple: D:4-7

Altars:
Ashenzari

Shops:
D:4 ?


Innate Abilities, Weirdness & Mutations

You do not eat or drink.
Your flesh is vulnerable to fire.
You are immune to poison.
Your flesh is cold resistant.
You are immune to negative energy.
You are immune to unholy pain and torment.
You can survive without breathing.


Message History

The hound is heavily wounded.
The hound bites you but does no damage.
You hit the hound.
The hound is severely wounded.
The hound barely misses you.
You hit the hound but do no damage.
The hound is severely wounded.
The hound bites you.
* * * LOW HITPOINT WARNING * * *
The hound misses you.
You completely miss the hound.
The hound is severely wounded.
The hound closely misses you.
You hit the hound but do no damage.
The hound is severely wounded.
The hound misses you.
You hit the hound but do no damage.
The hound is severely wounded.
The hound bites you.
You die...

.# #......# #.# .#
#......# #.# .# #......#
#.#
.######......#####.#######
>.....'...................
#######......#####.#######
######## #.# #######'#.#
#....@....# ......h.....#
..#.........# #.........#
#.∩.......# #.........#
#.........# #####.#+#.#


You could see a hound.

Vanquished Creatures
  A centaur skeleton (D:1)
  An adder (D:5)
  An ooze (D:3)
  A worm (D:2)
  A giant gecko (D:2)
  2 orcs
  4 giant cockroaches
  9 goblins
  5 hobgoblins
  2 ball pythons
  6 bats
  2 giant newts (D:1)
  10 kobolds
  13 rats
58 creatures vanquished.

Notes
Turn   | Place    | Note
--------------------------------------------------------------
     0 | D:1      | M4edhros the Mummy Monk began the quest for the Orb.
     0 | D:1      | Reached XP level 1. HP: 18/18 MP: 1/1
   647 | D:1      | Reached XP level 2. HP: 16/24 MP: 2/2
  1385 | D:1      | Reached skill level 4 in Unarmed Combat
  1385 | D:1      | Reached XP level 3. HP: 7/29 MP: 3/3
  2485 | D:3      | Found a faded altar to an unknown god.
  2497 | D:3      | Reached XP level 4. HP: 22/35 MP: 4/4
  2682 | D:3      | Found a shattered altar of Ashenzari.
  3121 | D:4      | Noticed a black bear
  3123 | D:5      | Entered Level 5 of the Dungeon
  3218 | D:4      | Found Voholulu's Magic Scroll Boutique.
  3227 | D:4      | HP: 1/35 [hound (2)]
  3230 | D:4      | Slain by a hound

Vault maps used:
D:1:      onia_arrival_handbag
D:3:      lemuel_round_altar, ecumenical_altar_1
D:4:      serial_shops, shop, first_bread
D:5:      minitemple, gup_ossuary_entry_pyramid, minivault_14, lightli_minifort

Action                   |  1- 3 |  4- 6 || total
-------------------------+-------+-------++-------
Melee: Unarmed           |   157 |    89 ||   246
  Use: Scroll            |       |     4 ||     4
 Stab: Sleeping          |     8 |     1 ||     9
